[Event "Team 45 45 League T57"]
[Site "Internet Chess Club"]
[Date "2013.07.16"]
[Round "8"]
[White "JWB"]
[Black "kidcobra"]
[Result "1/2-1/2"]
[WhiteElo "1740"]
[BlackElo "1733"]
[Opening "QGD: exchange, positional line"]
[ECO "D35"]
[Time "14:00:23"]
[TimeControl "2700+45"]

1. d4 d5 2. c4 e6 3. Nc3 Nf6 4. cxd5 exd5 5. Bg5 Nbd7 6. Nf3 Bb4 7. e3 h6 8. Bh4
c6 9. Bd3 Be7 10. Qc2 Nh5 11. Bxe7 Qxe7 12. O-O Nhf6 13. Rab1 O-O 14. b4 a6 15.
a4 b5 16. Rfc1 Bb7 17. Qb3 Rfc8 18. a5 Nf8 19. Qc2 Re8 20. Ne5 N8d7 21. Nxd7
Qxd7 22. Ne2 Ne4 23. Re1 Ng5 24. Bf5 Qd6 25. Nc1 Bc8 26. Bd3 Bb7 27. Nb3 Rac8
28. Nc5 Qc7 29. Rec1 Ne6 30. Bf5 Qe7 31. Bxe6 fxe6 32. Rb3 Rf8 33. Rc3 Rf7 34.
Nxb7 Qxb7 35. Rxc6 Rcf8 36. f3 Qe7 37. Rc7 Qxb4 38. Rxf7 Kxf7 39. Qc7+ Kg6 40.
Qb6 Rf6 41. Qxa6 Qd2 42. Rb1 Qxe3+ 43. Kh1 Rxf3 44. gxf3 Qxf3+ 45. Kg1 Qe3+ 46.
Kf1 Qf3+ 47. Kg1 Qe3+ 48. Kf1 Qf3+ 49. Kg1 {Game drawn by repetition} 1/2-1/2

[Event "Team 45 45 League T57"]
[Site "Internet Chess Club"]
[Date "2013.07.14"]
[Round "8"]
[White "amicusUK"]
[Black "rayngrant"]
[Result "1-0"]
[WhiteElo "1633"]
[BlackElo "1532"]
[Opening "King's Indian: Torre attack"]
[ECO "A48"]
[Time "15:02:50"]
[TimeControl "2700+45"]

1. d4 Nf6 2. Nf3 g6 3. Bg5 Ne4 4. Bh4 h6 5. Nbd2 d5 6. Nxe4 dxe4 7. Ne5 g5 8.
Bg3 Bg7 9. e3 Nd7 10. Bc4 Nxe5 11. Bxe5 Bxe5 12. dxe5 Qxd1+ 13. Rxd1 Bg4 14. Rd4
Bf5 15. O-O O-O 16. Rfd1 c5 17. R4d2 Bg4 18. Be2 Bxe2 19. Rxe2 Rfd8 20. Red2
Rxd2 21. Rxd2 Kf8 22. f3 exf3 23. gxf3 Ke8 24. Kf2 Rd8 25. Rxd8+ Kxd8 26. f4 Kd7
27. Kf3 Ke6 28. Kg4 f5+ 29. Kh5 g4 30. Kxh6 b5 31. Kg7 a5 32. c3 a4 33. a3 c4
34. Kf8 Kd7 35. Kf7 {Black resigns} 1-0

[Event "Team 45 45 League T57"]
[Site "Internet Chess Club"]
[Date "2013.07.15"]
[Round "8"]
[White "julesraider"]
[Black "KidRattler"]
[Result "1-0"]
[WhiteElo "1592"]
[BlackElo "1416"]
[Opening "QGD: exchange, positional line, 6.Qc2"]
[ECO "D36"]
[Time "18:36:18"]
[TimeControl "2700+45"]

1. d4 Nf6 2. c4 d5 3. Nc3 e6 4. cxd5 exd5 5. Bg5 c6 6. Qc2 Bd6 7. e3 Be6 8. Bd3
Nbd7 9. Nf3 Qc7 10. Rb1 h6 11. Bxf6 Nxf6 12. O-O O-O 13. b4 b6 14. a4 Rfc8 15.
Rfc1 c5 16. Nb5 Qd7 17. Nxd6 Qxd6 18. bxc5 bxc5 19. dxc5 Qc7 20. Ba6 Rcb8 21. c6
Rb6 22. Bb7 Rd8 23. Nd4 Bc8 24. Nb5 Qe7 25. Nxa7 Qc7 26. Rxb6 Qxb6 27. Nxc8 Rxc8
28. Bxc8 Qc7 29. Bb7 Ne8 30. Qc5 Nf6 31. f3 Qe5 32. c7 Kh7 33. c8=Q Qg5 34. Qc2+
g6 35. Q2c3 Nh5 36. Q8h8# {Black checkmated} 1-0

[Event "Team 45 45 League T57"]
[Site "Internet Chess Club"]
[Date "2013.07.14"]
[Round "8"]
[White "EyeAm"]
[Black "Egmont"]
[Result "1-0"]
[WhiteElo "1789"]
[BlackElo "1712"]
[Opening "Sicilian: Alapin's variation (2.c3)"]
[ECO "B22"]
[Time "12:00:11"]
[TimeControl "2700+45"]

1. e4 c5 2. c3 d5 3. exd5 Qxd5 4. Nf3 Nf6 5. d4 Bg4 6. Be2 e6 7. O-O Be7 8. h3
Bh5 9. Be3 cxd4 10. Nxd4 Bxe2 11. Qxe2 O-O 12. c4 Qa5 13. Nc3 Nbd7 14. Rfd1 Rfc8
15. a3 a6 16. b4 Qc7 17. c5 e5 18. Nf5 Bf8 19. Nd6 Bxd6 20. Rxd6 Ne8 21. Nd5 Qd8
22. Bg5 Qxg5 23. Rxd7 Rd8 24. Ne7+ Kf8 25. Rxb7 Qf6 26. Re1 Rab8 27. Rxb8 Rxb8
28. Nd5 Qc6 29. Qxe5 Ra8 30. Ne7 Qd7 31. Qe4 {Black resigns} 1-0

[Event "Team 45 45 League T57"]
[Site "Internet Chess Club"]
[Date "2013.07.12"]
[Round "8"]
[White "Kingofknights"]
[Black "bookseller"]
[Result "1-0"]
[WhiteElo "1665"]
[BlackElo "1675"]
[Opening "King's Indian: Sämisch, 5...O-O"]
[ECO "E81"]
[Time "19:09:52"]
[TimeControl "2700+45"]

1. d4 Nf6 2. c4 g6 3. Nc3 Bg7 4. e4 d6 5. f3 O-O 6. Bd3 e5 7. d5 Nh5 8. Nge2
Qh4+ 9. Kf1 f5 10. Qe1 Qe7 11. Be3 fxe4 12. Nxe4 Bh3 13. Bg5 Qf7 14. Qf2 Qxf3
15. Qxf3 Rxf3+ 16. Ke1 Bxg2 17. Rg1 Bh3 18. Kd2 Nd7 19. Be3 Raf8 20. Ng5 Rxe3
21. Kxe3 Bh6 22. Nc3 Ndf6 23. Ne4 Ng4+ 24. Kd2 Nf2 25. Rae1 Nf4 26. Nxf2 Ng2 27.
Nxh3 Bxg5+ 28. Nxg5 {Black resigns} 1-0

[Event "Team 45 45 League T57"]
[Site "Internet Chess Club"]
[Date "2013.07.16"]
[Round "8"]
[White "stanbeers"]
[Black "AVEMARIA"]
[Result "0-1"]
[WhiteElo "1499"]
[BlackElo "1645"]
[Opening "QGD Slav: Dutch variation, main line"]
[ECO "D19"]
[Time "17:01:08"]
[TimeControl "2700+45"]

1. d4 d5 2. c4 c6 3. Nf3 Nf6 4. Nc3 dxc4 5. a4 Bf5 6. e3 e6 7. Bxc4 Bb4 8. O-O
O-O 9. Qe2 Bg4 10. Rd1 Qa5 11. Bd2 Nbd7 12. Bd3 Qh5 13. Ne4 Bxf3 14. Qxf3 Qxf3
15. gxf3 Bxd2 16. Nxd2 e5 17. Nb3 exd4 18. exd4 Rfe8 19. Bf5 Re7 20. Na5 Nb6 21.
b3 g6 22. Bd3 Nfd5 23. Rac1 Nf4 24. Bf1 Rd8 25. Nc4 Nbd5 26. Rc2 Nb4 27. Rcd2
Nbd5 28. Rc1 f6 29. a5 Nc7 30. Na3 Rde8 31. Nc2 Ncd5 32. Bc4 Ne2+ 33. Bxe2 Rxe2
34. Rcd1 Nc3 35. Rxe2 Rxe2 36. Re1 Rxc2 37. Re8+ Kf7 38. Rb8 Ne2+ 39. Kg2 Nxd4
40. Rxb7+ Ke6 41. Rxa7 h5 42. a6 Nb5 43. Rh7 Ra2 44. Rg7 Kf5 45. Re7 Rxa6 46.
Re4 Nd6 47. Re3 Ra5 48. Rc3 c5 49. Rd3 Ke6 50. h3 Nf5 51. Rc3 Rb5 52. f4 Nd4 53.
Re3+ Kf5 {White resigns} 0-1

[Event "Team 45 45 League T57"]
[Site "Internet Chess Club"]
[Date "2013.07.14"]
[Round "8"]
[White "whiskeytown"]
[Black "Ostap-Bender"]
[Result "1-0"]
[WhiteElo "1566"]
[BlackElo "1388"]
[Opening "Sicilian defense"]
[ECO "B40"]
[Time "21:30:15"]
[TimeControl "2700+45"]

1. e4 c5 2. Nf3 e6 3. d3 d5 4. Qe2 d4 5. g3 Nc6 6. Bg2 e5 7. O-O Nf6 8. Nbd2 Be6
9. a3 a5 10. Nc4 Qc7 11. Bd2 b5 12. Ncxe5 Nxe5 13. Nxe5 Qxe5 14. f4 Qb8 15. e5
Nd5 16. Bxd5 Bxd5 17. e6 Be7 18. exf7+ Bxf7 19. Rae1 Qd6 20. f5 Ra7 21. Bg5 Kd8
22. Bf4 Qd7 23. Qe5 Rg8 24. Qb8+ Qc8 25. Qxa7 Re8 26. Qxa5+ {Black resigns} 1-0

[Event "Team 45 45 League T57"]
[Site "Internet Chess Club"]
[Date "2013.07.12"]
[Round "8"]
[White "NimzoMal"]
[Black "infiniteshug"]
[Result "1/2-1/2"]
[WhiteElo "1988"]
[BlackElo "1912"]
[Opening "King's Indian: Averbakh, 6...c5"]
[ECO "E74"]
[Time "10:00:15"]
[TimeControl "2700+45"]

1. d4 Nf6 2. c4 g6 3. Nc3 Bg7 4. e4 d6 5. Be2 O-O 6. Bg5 c5 7. d5 h6 8. Be3 e6
9. Qd2 exd5 10. exd5 Kh7 11. h3 Re8 12. Bd3 a6 13. a4 Nbd7 14. Nf3 Ne5 15. Nxe5
Rxe5 16. O-O Qc7 17. f4 Re7 18. f5 Bxf5 19. Bxf5 Rae8 20. Rae1 gxf5 21. Rxf5 Ne4
22. Nxe4 Rxe4 23. Rf4 f5 24. b3 R4e5 25. Bf2 Qf7 26. b4 cxb4 27. Qxb4 Rxe1+ 28.
Bxe1 Be5 29. Rf1 Rg8 30. Qb1 Qg6 31. Qxf5 {Game drawn by mutual agreement}
1/2-1/2

[Event "Team 45 45 League T57"]
[Site "Internet Chess Club"]
[Date "2013.07.12"]
[Round "8"]
[White "clarinetref"]
[Black "badmove"]
[Result "1-0"]
[WhiteElo "1668"]
[BlackElo "1667"]
[Opening "Réti: Nimzovich-Larsen attack"]
[ECO "A06"]
[Time "18:04:52"]
[TimeControl "2700+45"]

1. Nf3 d5 2. b3 Bg4 3. e3 e5 4. h3 Bxf3 5. Qxf3 Nf6 6. Bb2 Nbd7 7. c4 c6 8. cxd5
cxd5 9. Bb5 Bd6 10. Nc3 e4 11. Qf5 g6 12. Bxd7+ Kf8 13. Qg5 h6 14. Qxd5 Nxd5 15.
Nxd5 Rg8 16. Nf6 Rg7 17. Rc1 Be7 18. Nxe4 Qxd7 19. Rc4 Qd3 20. Nc3 Rd8 21. Rd4
Rxd4 22. exd4 Bg5 23. Bc1 Qxd4 24. Ne2 Qd3 25. h4 Be7 26. Rh3 Qb1 27. Rc3 Ba3
28. b4 Bxc1 29. Nxc1 Qxb4 30. Nd3 f6 31. Nxb4 {Black resigns} 1-0

[Event "Team 45 45 League T57"]
[Site "Internet Chess Club"]
[Date "2013.07.15"]
[Round "8"]
[White "ILRE"]
[Black "tryanything"]
[Result "0-1"]
[WhiteElo "1541"]
[BlackElo "1652"]
[Opening "English opening"]
[ECO "A21"]
[Time "19:03:43"]
[TimeControl "2700+45"]

1. c4 e5 2. Nc3 f5 3. d4 exd4 4. Qxd4 Nf6 5. g3 Nc6 6. Qe3+ Be7 7. Bg2 O-O 8.
Nh3 Nb4 9. Qd2 c6 10. O-O d6 11. b3 Be6 12. Bb2 d5 13. Nf4 Bf7 14. cxd5 Nbxd5
15. Ncxd5 Nxd5 16. Nxd5 Bxd5 17. Bxd5+ Qxd5 18. Qxd5+ cxd5 19. e3 Rac8 20. Rac1
Rc6 21. Rxc6 bxc6 22. Rc1 Rc8 23. Kf1 Kf7 24. Ke2 g6 25. Bd4 Ba3 26. Rc2 a5 27.
Bc5 Bb4 28. a3 Bxc5 29. Rxc5 Rb8 30. b4 axb4 31. axb4 Rb6 32. Kd3 Ke6 33. f4 Kd6
34. Kc3 Ra6 35. Ra5 Rxa5 36. bxa5 c5 37. a6 Kc6 38. a7 Kb7 39. a8=Q+ Kxa8 40.
Kb3 Kb7 41. Ka4 Kb6 42. Kb3 Kb5 43. h3 h5 44. Kc3 Ka4 45. Kc2 Kb4 46. Kb2 Kc4
47. Kc2 d4 48. exd4 Kxd4 49. Kd2 Ke4 {White resigns} 0-1

[Event "Team 45 45 League T57"]
[Site "Internet Chess Club"]
[Date "2013.07.12"]
[Round "8"]
[White "PostMike"]
[Black "PaulRichard"]
[Result "0-1"]
[WhiteElo "1518"]
[BlackElo "1577"]
[Opening "French: advance, Wade variation"]
[ECO "C02"]
[Time "14:30:17"]
[TimeControl "2700+45"]

1. e4 e6 2. d4 d5 3. e5 c5 4. c3 Qb6 5. Nf3 Bd7 6. Bd3 cxd4 7. Nxd4 Ne7 8. Nd2
Nbc6 9. N2f3 Nxd4 10. Nxd4 Nc6 11. Nxc6 Bxc6 12. Qe2 d4 13. cxd4 Qxd4 14. O-O
Qd5 15. f3 Bc5+ 16. Kh1 Qd7 17. Rd1 Qe7 18. Bb5 Qc7 19. Bxc6+ Qxc6 20. Bg5 Be7
21. Rac1 Qb6 22. Bxe7 Kxe7 23. Rd6 Qa5 24. b4 Qxb4 25. Rc7+ Ke8 26. Qd1 Qa5 27.
Rdd7 Qxe5 28. Re7+ Kf8 29. Rxf7+ Kg8 30. Rxg7+ Qxg7 31. Rxg7+ Kxg7 32. Qd7+ Kf6
33. Qxb7 Rab8 {White resigns} 0-1

[Event "Team 45 45 League T57"]
[Site "Internet Chess Club"]
[Date "2013.07.12"]
[Round "8"]
[White "seattleblues"]
[Black "fuzzface"]
[Result "1-0"]
[WhiteElo "1480"]
[BlackElo "1353"]
[Opening "Queen's pawn, Mason variation"]
[ECO "D00"]
[Time "07:45:10"]
[TimeControl "2700+45"]

1. d4 d5 2. Bf4 Nf6 3. e3 Nc6 4. Bd3 e6 5. Nd2 a6 6. c3 Bd6 7. Bg3 e5 8. Rc1 e4
9. Bb1 Bxg3 10. hxg3 Ng4 11. Nh3 Qf6 12. c4 Be6 13. cxd5 Bxd5 14. Qxg4 Be6 15.
Qxe4 Rd8 16. Nf3 g6 17. Nhg5 h5 18. Nxe6 fxe6 19. Qxg6+ Qxg6 20. Bxg6+ Ke7 21.
Bxh5 Rd7 22. Ke2 Nb4 23. a3 Nd5 24. Ne5 Rdd8 {Black resigns} 1-0

[Event "Team 45 45 League T57"]
[Site "Internet Chess Club"]
[Date "2013.07.14"]
[Round "8"]
[White "tamky70"]
[Black "medsurg"]
[Result "1-0"]
[WhiteElo "1492"]
[BlackElo "1324"]
[Opening "Ruy Lopez: ...b5 & ...d6"]
[ECO "C78"]
[Time "19:30:19"]
[TimeControl "2700+45"]

1. e4 e5 2. Nf3 Nc6 3. Bb5 Nf6 4. O-O a6 5. Ba4 b5 6. Bb3 d6 7. d3 Na5 8. c3
Nxb3 9. axb3 Be7 10. Re1 O-O 11. Nbd2 Re8 12. Nf1 Bf8 13. Ng3 g6 14. Bd2 Bg4 15.
h3 Bxf3 16. Qxf3 Bg7 17. Qd1 d5 18. Bg5 Qd6 19. Bxf6 Bxf6 20. exd5 Qxd5 21. Ne4
Bg7 22. Qf3 Re6 23. Nf6+ Bxf6 24. Qxd5 Rd8 25. Qb7 Rxd3 26. Rad1 {Black resigns}
1-0

[Event "Team 45 45 League T57"]
[Site "Internet Chess Club"]
[Date "2013.07.15"]
[Round "8"]
[White "tcianciola"]
[Black "Tribe97"]
[Result "0-1"]
[WhiteElo "1212"]
[BlackElo "1273"]
[Opening "French: exchange variation"]
[ECO "C01"]
[Time "20:00:05"]
[TimeControl "2700+45"]

1. d4 e6 2. e4 d5 3. exd5 exd5 4. Nf3 Bd6 5. Nc3 Nf6 6. Be2 O-O 7. Bg5 c6 8. O-O
h6 9. Bxf6 Qxf6 10. Re1 Bg4 11. h3 Bxf3 12. Bxf3 Qf5 13. Bg4 Qg5 14. Qd3 Na6 15.
a3 Rfe8 16. Na4 Re7 17. Re2 Rae8 18. Rae1 Rxe2 19. Bxe2 Nc7 20. Qd1 Qf4 21. g3
Qe4 22. Nc3 Qe6 23. Kh2 Re7 24. Rf1 Ne8 25. Bg4 f5 26. Bh5 Nf6 27. Bf3 g5 28.
Qe2 Qxe2 29. Nxe2 g4 30. hxg4 fxg4 31. Bxg4 Nxg4+ 32. Kh3 Rxe2 33. Kxg4 Re4+ 34.
Kh3 Rxd4 35. Re1 Rd2 36. Re6 Bc5 37. f4 Rxc2 38. b4 Bf2 39. Rxh6 Rc3 40. Kg2
Rxg3+ 41. Kxf2 Rxa3 42. f5 Kf7 43. Rh7+ Kf6 44. Rxb7 Kxf5 45. Rc7 Rb3 46. Rxc6
Rxb4 47. Ra6 Ke4 48. Rxa7 Rb2+ 49. Kg1 d4 50. Ra1 Ke3 51. Kf1 d3 52. Ke1 Rh2 53.
Kf1 Rh1+ {White resigns} 0-1

[Event "Team 45 45 League T57"]
[Site "Internet Chess Club"]
[Date "2013.07.15"]
[Round "8"]
[White "kabubi"]
[Black "WzeroMN"]
[Result "1-0"]
[WhiteElo "1164"]
[BlackElo "1093"]
[Opening "KP: Indian opening"]
[ECO "C20"]
[Time "14:00:24"]
[TimeControl "2700+45"]

1. e4 e5 2. d3 Nf6 3. c3 Nc6 4. g3 b6 5. Bg2 Bb7 6. Nd2 Be7 7. Ngf3 O-O 8. O-O
Bc5 9. Qe2 Re8 10. b4 Bd6 11. Re1 b5 12. Nf1 a5 13. Bd2 h6 14. a3 a4 15. Rac1
Ne7 16. Be3 c6 17. h3 Bb8 18. N1h2 Ba7 19. Bxa7 Rxa7 20. Nxe5 d6 21. Qe3 Ra8 22.
Nef3 Ng6 23. Qd2 Ne5 24. Nxe5 dxe5 25. Nf1 Rc8 26. Qc2 Qb6 27. Kh2 c5 28. bxc5
Qxc5 29. Qb2 Bc6 30. f4 exf4 31. gxf4 Nh5 32. d4 Qa7 33. d5 Ba8 34. f5 Qc7+ 35.
Kg1 Nf4 36. Qc2 Qc5+ 37. Qf2 Qxf2+ 38. Kxf2 Nd3+ 39. Ke2 Nxc1+ 40. Rxc1 f6 41.
Ne3 Rc5 42. Kd3 Kf7 43. Kd4 Rcc8 44. Nc2 Rg8 45. Bf3 g5 46. fxg6+ Rxg6 47. Bh5
Kg7 48. Bxg6 Kxg6 49. Rg1+ Kh5 50. Nb4 Bb7 51. Rg7 Ba8 52. d6 Rd8 53. d7 Kh4 54.
Rh7 Kxh3 55. Rxh6+ Kg4 56. Rh7 Kg5 57. Re7 f5 58. exf5 Kxf5 59. Kc5 Kf6 60. Re8
Rxd7 61. Rxa8 Rd3 62. Kxb5 Rxc3 63. Nd5+ {Black resigns} 1-0

[Event "Team 45 45 League T57"]
[Site "Internet Chess Club"]
[Date "2013.07.14"]
[Round "8"]
[White "badmove"]
[Black "evan7284"]
[Result "1/2-1/2"]
[WhiteElo "1643"]
[BlackElo "1733"]
[Opening "Levitsky attack (Queen's bishop attack)"]
[ECO "D00"]
[Time "17:27:13"]
[TimeControl "2700+45"]

1. d4 d5 2. Bg5 f6 3. Bf4 Nd7 4. e3 e5 5. dxe5 fxe5 6. Bg3 Ngf6 7. Nf3 Bd6 8. c4
c6 9. a3 O-O 10. cxd5 Qa5+ 11. Nc3 Ne4 12. Rc1 Nxc3 13. Qd2 cxd5 14. Rxc3 d4 15.
exd4 exd4 16. Qxd4 Re8+ 17. Be2 Bxg3 18. hxg3 Nf6 19. b4 Qf5 20. Qd3 Qxd3 21.
Rxd3 Bf5 22. Rd4 Rac8 23. Kf1 Rc1+ 24. Rd1 Rxd1+ 25. Bxd1 Rd8 26. Bb3+ Kf8 27.
Ke1 Re8+ 28. Kd1 Bg4 29. Re1 Ne4 30. Kc2 Nxf2 31. Rxe8+ Kxe8 32. Ne5 Bd1+ 33.
Kc3 Bxb3 34. Kxb3 Ne4 35. Nc4 b5 36. Ne3 Nxg3 37. a4 a6 38. axb5 axb5 39. Nd5
Kd7 40. Kc3 Kd6 41. Kd4 Ne2+ 42. Ke4 Ng3+ 43. Kd4 Nf5+ 44. Ke4 Ne7 45. Nc3 Kc6
46. Ke5 Ng6+ 47. Ke4 Nh4 48. g3 Ng2 49. Ke5 Ne3 50. Ke6 h5 51. Kf7 g5 52. Ne4 h4
53. gxh4 gxh4 54. Kf6 Nd5+ 55. Kg5 h3 56. Nf2 h2 57. Kg4 Nxb4 58. Kg3 h1=N+ 59.
Nxh1 Nd3 60. Kf3 Kc5 61. Ng3 Kc4 62. Ne4 Kb3 63. Ke3 Kc2 64. Nd6 b4 65. Nb5 Ne5
66. Nd4+ Kc3 67. Ne2+ Kb2 68. Kd4 Nf3+ 69. Kc4 Ka3 70. Nc1 Nd2+ 71. Kd3 Nb3 72.
Ne2 Nc5+ 73. Kc4 b3 74. Kxc5 b2 75. Nc3 Kb3 76. Kd4 Kc2 77. Kc4 b1=N {Game drawn
because neither player has mating material} 1/2-1/2

[Event "Team 45 45 League T57"]
[Site "Internet Chess Club"]
[Date "2013.07.14"]
[Round "8"]
[White "arnx813"]
[Black "Elalfer"]
[Result "1/2-1/2"]
[WhiteElo "1405"]
[BlackElo "1481"]
[Opening "Sicilian defense"]
[ECO "B30"]
[Time "17:01:30"]
[TimeControl "2700+45"]

1. e4 c5 2. Nf3 Nc6 3. Bc4 e6 4. O-O d5 5. exd5 exd5 6. Re1+ Be7 7. Bb3 Nf6 8.
d3 O-O 9. Bg5 b5 10. c3 Be6 11. Ne5 Qc7 12. Bf4 Bd6 13. d4 c4 14. Bc2 Rfe8 15.
Nd2 Ng4 16. Ndf3 f6 17. h3 Ngxe5 18. dxe5 Nxe5 19. Bxe5 Bxe5 20. Nxe5 fxe5 21.
Qh5 g6 22. Qxe5 Qd7 23. Qd4 a5 24. a4 b4 25. cxb4 axb4 26. b3 Qc6 27. Re3 Bf7
{Game drawn by mutual agreement} 1/2-1/2

[Event "Team 45 45 League T57"]
[Site "Internet Chess Club"]
[Date "2013.07.13"]
[Round "8"]
[White "Berke"]
[Black "g8wrb"]
[Result "0-1"]
[WhiteElo "1540"]
[BlackElo "1417"]
[Opening "French: advance, Euwe variation"]
[ECO "C02"]
[Time "14:00:23"]
[TimeControl "2700+45"]

1. e4 e6 2. d4 d5 3. e5 c5 4. c3 Nc6 5. Nf3 Bd7 6. Bd3 cxd4 7. cxd4 Nge7 8. O-O
Nf5 9. Bxf5 exf5 10. Bf4 Bb4 11. a3 Ba5 12. Nbd2 O-O 13. b4 Bb6 14. Nb3 Re8 15.
Rc1 a6 16. Nc5 Bxc5 17. Rxc5 Ne7 18. Qd2 Bb5 19. Rc3 Bxf1 20. Kxf1 Rc8 {White
resigns} 0-1

[Event "Team 45 45 League T57"]
[Site "Internet Chess Club"]
[Date "2013.07.15"]
[Round "8"]
[White "guyd52"]
[Black "tamky70"]
[Result "1-0"]
[WhiteElo "1382"]
[BlackElo "1470"]
[Opening "Réti: King's Indian attack"]
[ECO "A08"]
[Time "19:00:21"]
[TimeControl "2700+45"]

1. Nf3 d5 2. g3 c5 3. Bg2 Nc6 4. d3 e5 5. O-O Be7 6. Nbd2 Nf6 7. e4 d4 8. Nc4
Nd7 9. c3 O-O 10. Bd2 b6 11. a4 Bb7 12. Bh3 Bc8 13. Bxd7 Bxd7 14. Ncxe5 Nxe5 15.
Nxe5 Bh3 16. Re1 Bd6 17. Nf3 Bg4 18. Kg2 Be5 19. h3 Bxf3+ 20. Qxf3 Qf6 21. Qxf6
Bxf6 22. e5 Be7 23. Re4 Rfd8 24. cxd4 cxd4 25. Rc1 h6 26. Rc4 a5 27. f4 Bc5 28.
Be1 Rd5 29. Bf2 Rad8 30. Be1 Kf8 31. g4 Ke8 32. Kf3 Kd7 33. Bh4 Re8 34. Bf2 Rc8
35. Bxd4 Rxd4 36. Rexd4+ Ke6 37. Rd6+ Ke7 38. Rxb6 Kd7 39. Rb7+ Ke6 40. d4 Kd5
41. Rxc5+ Rxc5 42. dxc5 {Black resigns} 1-0

[Event "Team 45 45 League T57"]
[Site "Internet Chess Club"]
[Date "2013.07.13"]
[Round "8"]
[White "rahulr"]
[Black "anna"]
[Result "0-1"]
[WhiteElo "1599"]
[BlackElo "1702"]
[Opening "QGD"]
[ECO "D51"]
[Time "22:13:41"]
[TimeControl "2700+45"]

1. d4 d5 2. c4 e6 3. Nc3 Nf6 4. Bg5 Nbd7 5. e3 Be7 6. Nf3 h6 7. Bh4 O-O 8. Bd3
c5 9. O-O b6 10. cxd5 exd5 11. Qe2 Bb7 12. Rfd1 Ne4 13. Bxe7 Qxe7 14. Rac1 Rac8
15. dxc5 Ndxc5 16. Bb1 Rfd8 17. Nd4 Nxc3 18. Rxc3 Ne4 19. Rcc1 Rc5 20. f3 Nf6
21. Nb3 Rc7 22. Rxc7 Qxc7 23. Rc1 Qd7 24. Nd4 Rc8 25. Rxc8+ Qxc8 26. Qc2 Qxc2
27. Bxc2 g6 28. Kf2 Kf8 29. Ke2 Ke7 30. Kd3 Kd6 31. Kc3 a6 32. b4 Ne8 33. Bd3
Nc7 34. a4 Ne6 35. f4 Nd8 36. g4 Nc6 37. Nxc6 Bxc6 38. b5 axb5 39. axb5 Bd7 40.
h3 Kc5 41. f5 g5 42. Kb3 Bxb5 43. Bxb5 Kxb5 44. f6 Kc5 45. Kc3 b5 46. Kb3 b4 47.
Kb2 Kc4 48. Kc2 b3+ 49. Kd2 d4 50. e4 d3 51. e5 b2 {White resigns} 0-1

[Event "Team 45 45 League T57"]
[Site "Internet Chess Club"]
[Date "2013.07.14"]
[Round "8"]
[White "Conjurer"]
[Black "Littlemon"]
[Result "0-1"]
[WhiteElo "1450"]
[BlackElo "1432"]
[Opening "Queen's pawn, Mason variation, Steinitz counter-gambit"]
[ECO "D00"]
[Time "14:07:48"]
[TimeControl "2700+45"]

1. d4 d5 2. Bf4 c5 3. c3 Nc6 4. Nf3 Nf6 5. e3 Bf5 6. Be2 e6 7. Nh4 Be4 8. f3 Bg6
9. Nxg6 hxg6 10. O-O Bd6 11. Bg5 Bxh2+ 12. Kf2 Qd6 13. f4 Ne4+ 14. Ke1 Bg3+ 15.
Rf2 Bxf2+ 16. Kf1 Rh1# {White checkmated} 0-1

[Event "Team 45 45 League T57"]
[Site "Internet Chess Club"]
[Date "2013.07.14"]
[Round "8"]
[White "wildcat2023"]
[Black "seattleblues"]
[Result "1-0"]
[WhiteElo "1488"]
[BlackElo "1464"]
[Opening "Caro-Kann: classical, Spassky variation"]
[ECO "B19"]
[Time "19:18:03"]
[TimeControl "2700+45"]

1. e4 c6 2. d4 d5 3. Nc3 dxe4 4. Nxe4 Bf5 5. Ng3 Bg6 6. h4 h6 7. Nf3 Nd7 8. h5
Bh7 9. Bd3 Bxd3 10. Qxd3 Ngf6 11. Bf4 e6 12. O-O-O Qa5 13. a3 Be7 14. Ne4 Nxe4
15. Qxe4 Nf6 16. Qe3 Nd5 17. Qe5 Bf6 18. Bd2 Qb6 19. Qe4 O-O 20. Qg4 Kh8 21. c4
Ne7 22. Bb4 Rg8 23. Bxe7 Bxe7 24. Ne5 Bg5+ 25. f4 Bf6 26. Nxf7+ Kh7 27. Qg6#
{Black checkmated} 1-0